Map: Écho EC (Void)

Players

TheMagician - Winner!

  • Race: Protoss Protoss
  • League: Diamond
  • Spawn Location: 11:00

Empire

  • Race: Zerg Zerg
  • League: Diamond
  • Spawn Location: 5:00

VOD

Have the link to the VOD?

Description

Time

  • Played on: Dec. 25, 2016, 10:52 p.m.
  • Length: 17:59
Show
View Real Time Build Order
Export as new Build Order

TheMagician Protoss - Winner!

Build Orders:  

Get SALT Encoding   

  12  0:01  Probe (Chrono Boost)  
  13  0:11  Probe (Chrono Boost)  
  14  0:22  Probe (Chrono Boost)  
  15  0:29  Pylon  
  15  0:37  Pylon  
  15  0:55  Forge, Probe (Chrono Boost)  
  16  1:05  Probe (Chrono Boost)  
  17  1:11  Pylon  
  17  1:13  Pylon  
  17  1:14  Pylon  
  17  1:16  Probe (Chrono Boost)  
  18  1:26  Probe (Chrono Boost)  
  19  1:35  Photon Cannon  
  19  1:36  Photon Cannon  
  19  1:37  Probe (Chrono Boost)  
  20  1:43  Pylon  
  20  1:48  Probe (Chrono Boost)  
  20  1:51  Assimilator  
  21  1:58  Probe (Chrono Boost)  
  22  2:07  Photon Cannon x2  
  22  2:16  Nexus  
  22  2:22  Probe (Chrono Boost)  
  23  2:31  Gateway  
  23  2:32  Probe (Chrono Boost)  
  24  2:38  Pylon  
  24  2:43  Probe (Chrono Boost)  
  25  2:52  Assimilator  
  25  2:53  Probe (Chrono Boost)  
  26  3:09  Photon Cannon  
  26  3:10  Pylon  
  26  3:12  Probe (Chrono Boost)  
  27  3:23  Probe (Chrono Boost)  
  27  3:25  Cybernetics Core  
  28  3:29  Photon Cannon  
  28  3:33  Probe (Chrono Boost)  
  29  3:43  Photon Cannon  
  29  3:44  Probe (Chrono Boost)  
  32  4:02  Mothership Core (Chrono Boost)  
  32  4:09  Stargate  
  33  4:10  Probe (Chrono Boost)  
  33  4:12  Stargate  
  33  4:15  Assimilator  
  33  4:19  Assimilator  
  33  4:21  Pylon  
  33  4:30  Photon Cannon  
  33  4:43  Photon Cannon  
  33  4:46  Photon Cannon  
  33  4:53  Void Ray  
  37  5:03  Probe (Chrono Boost)  
  37  5:04  Probe (Chrono Boost)  
  39  5:11  Void Ray  
  40  5:14  Nexus  
  40  5:15  Probe (Chrono Boost)  
  44  5:28  Probe (Chrono Boost), Pylon  
  45  5:39  Probe (Chrono Boost)  
  46  5:43  Void Ray  
  50  6:01  Void Ray  
  50  6:03  Probe (Chrono Boost)  
  51  6:05  Pylon  
  51  6:11  Probe (Chrono Boost)  
  56  6:20  Pylon  
  56  6:32  Probe (Chrono Boost)  
  57  6:34  Probe (Chrono Boost)  
  58  6:43  Probe (Chrono Boost)  
  58  6:45  Void Ray  
  59  6:53  Probe (Chrono Boost)  
  64  7:04  Void Ray, Probe (Chrono Boost)  
  69  7:09  Photon Cannon  
  69  7:14  Probe (Chrono Boost)  
  70  8:12  Void Ray  
  70  8:17  Void Ray  
  78  8:20  Stargate  
  78  8:25  Stargate  
  78  8:27  Fleet Beacon  
  78  8:29  Pylon  
  78  8:31  Pylon  
  78  8:32  Probe (Chrono Boost)  
  78  8:34  Assimilator  
  79  8:37  Assimilator  
  79  8:38  Probe (Chrono Boost)  
  79  8:41  Photon Cannon, Pylon  
  80  8:42  Probe (Chrono Boost)  
  80  8:44  Pylon  
  80  8:45  Photon Cannon  
  80  8:47  Photon Cannon  
  81  8:49  Probe (Chrono Boost)  
  81  8:53  Probe (Chrono Boost)  
  83  8:59  Probe (Chrono Boost)  
  83  9:02  Carrier  
  85  9:10  Probe (Chrono Boost)  
  85  9:13  Carrier x2  
  103  9:17  Carrier  
  103  9:20  Probe (Chrono Boost)  
  106  9:36  Graviton Catapult  
  106  9:44  Probe (Chrono Boost)  
  107  9:48  Probe (Chrono Boost)  
  108  9:54  Probe (Chrono Boost)  
  108  9:59  Probe (Chrono Boost)  
  110  10:03  Pylon  
  110  10:04  Pylon  
  110  10:05  Probe (Chrono Boost)  
  111  10:17  Carrier  
  111  10:19  Photon Cannon  
  111  10:20  Pylon  
  111  10:22  Probe (Chrono Boost)  
  111  10:23  Photon Cannon  
  111  10:24  Probe (Chrono Boost)  
  119  10:32  Probe (Chrono Boost)  
  121  10:36  Probe (Chrono Boost)  
  121  10:39  Carrier x2  
  133  10:44  Photon Cannon  
  133  10:46  Photon Cannon  
  133  10:47  Photon Cannon  
  133  10:52  Carrier  
  141  11:32  Pylon  
  141  11:34  Pylon  
  141  11:38  Probe (Chrono Boost)  
  147  11:49  Probe (Chrono Boost)  
  148  11:59  Probe (Chrono Boost)  
  130  12:29  Mothership Core (Chrono Boost)  
  124  12:34  Carrier  
  124  13:26  Stargate  
  124  13:29  Stargate  
  124  13:32  Stargate  
  116  15:01  Carrier  
  122  15:33  Carrier  
  122  15:36  Carrier  
  122  15:40  Carrier  
  122  16:08  Pylon  
  122  16:09  Pylon  
  122  16:27  Carrier  
Show
View Real Time Build Order
Export as new Build Order

Empire Zerg 

Build Orders: Hatch First 

Get SALT Encoding   

  12  0:00  Drone  
  13  0:09  Drone  
  14  0:19  Overlord  
  14  0:23  Extractor, Drone  
  15  0:37  Drone x2  
  17  0:53  Drone  
  18  0:58  Hatchery  
  17  1:07  Spawning Pool  
  17  1:10  Drone  
  17  1:12  Extractor  
  17  1:16  Drone  
  17  1:24  Drone  
  18  1:28  Drone  
  19  1:39  Overlord  
  19  1:55  Queen  
  19  1:56  Zergling x2  
  22  2:07  Spine Crawler  
  20  2:24  Drone  
  20  2:26  Roach Warren, Drone  
  20  2:27  Drone  
  22  2:38  Drone  
  23  2:58  Overlord  
  23  3:00  Overlord  
  23  3:01  Queen  
  25  3:20  Roach x2  
  25  3:21  Roach  
  31  3:29  Hatchery  
  30  3:35  Drone  
  31  3:53  Drone x2  
  31  3:54  Drone x2  
  35  3:55  Hatchery  
  35  3:57  Drone  
  35  4:03  Pneumatized Carapace  
  35  4:06  Drone  
  36  4:18  Drone  
  36  4:22  Drone  
  38  4:26  Roach x2  
  42  4:34  Drone  
  43  4:43  Drone  
  43  4:44  Drone  
  45  4:53  Drone  
  45  4:54  Queen  
  45  4:55  Drone  
  49  5:05  Drone  
  50  5:12  Drone  
  50  5:13  Spore Crawler  
  50  5:15  Roach x2  
  50  5:17  Drone x3  
  57  5:29  Drone  
  57  5:30  Overlord  
  57  5:35  Overlord  
  58  5:36  Lair  
  58  5:41  Extractor, Evolution Chamber  
  58  5:42  Extractor, Drone x3, Evolution Chamber  
  58  5:43  Drone  
  58  5:50  Drone x2  
  58  5:51  Drone  
  58  5:52  Drone  
  58  5:54  Drone  
  58  5:56  Drone x4  
  58  5:57  Drone  
  68  5:58  Drone  
  68  6:02  Queen  
  71  6:09  Drone  
  71  6:10  Drone x2  
  74  6:15  Zerg Ground Armor Level 1, Zerg Missile Weapons Level 1  
  74  6:23  Overlord x2  
  74  6:26  Extractor  
  74  6:27  Extractor  
  74  6:28  Extractor, Drone  
  74  6:30  Drone x2  
  74  6:31  Overlord x2  
  74  6:32  Overlord  
  74  6:41  Hydralisk Den  
  74  6:43  Drone  
  74  6:44  Drone  
  74  6:46  Drone x3  
  78  6:48  Drone  
  78  6:50  Queen  
  81  6:55  Drone x4  
  81  6:56  Drone x2  
  81  6:57  Overlord  
  87  7:05  Overlord  
  87  7:11  Overseer  
  87  7:19  Hydralisk x6  
  99  7:27  Queen x2  
  99  7:28  Hydralisk  
  105  7:42  Overlord x2  
  98  7:57  Overlord x2  
  91  8:01  Overlord x2  
  91  8:09  Lair  
  91  8:12  Queen, Spore Crawler  
  91  8:22  Hatchery  
  90  8:40  Drone x6  
  90  8:41  Drone x2  
  98  9:08  Zerg Ground Armor Level 2, Zerg Missile Weapons Level 2  
  98  9:09  Hydralisk Den  
  97  9:11  Drone x3  
  97  9:15  Overlord x2  
  100  9:35  Hatchery  
  99  9:40  Muscular Augments, Hydralisk x3  
  105  9:51  Spawning Pool  
  104  9:57  Overseer  
  104  9:58  Hydralisk  
  104  9:59  Hydralisk x3  
  113  10:14  Drone  
  113  10:19  Hydralisk x3  
  119  10:34  Hydralisk x2  
  123  10:38  Queen  
  123  10:41  Hydralisk  
  123  10:42  Zergling x2  
  130  11:01  Hydralisk x4  
  135  11:12  Hatchery  
  135  11:17  Overlord  
  128  11:52  Hydralisk x3  
  128  11:53  Hydralisk x2  
  119  12:13  Hydralisk  
  119  12:14  Hydralisk  
  115  12:21  Hydralisk  
  115  12:27  Queen, Hydralisk  
  119  12:36  Queen  
  107  13:04  Hydralisk x5  
  113  13:12  Queen  
  113  13:15  Queen  
  113  13:16  Queen, Hydralisk  
  113  13:17  Hydralisk x6  
  129  13:28  Overlord  
  129  13:35  Spore Crawler  
  129  13:36  Hydralisk  
  129  13:37  Hydralisk  
  129  13:40  Hatchery  
  128  13:47  Queen  
  124  13:57  Spore Crawler  
  101  14:04  Hydralisk x15  
  123  14:11  Hydralisk x2  
  121  14:18  Hydralisk x3  
  121  14:23  Queen  
  113  14:39  Queen  
  113  14:43  Hydralisk x5  
  117  14:50  Hatchery  
  117  14:52  Spore Crawler  
  115  14:54  Spore Crawler  
  115  14:55  Spore Crawler  
  115  14:58  Drone  
  115  14:59  Queen  
  116  15:03  Hydralisk x5  
  126  15:11  Spore Crawler  
  123  15:14  Queen  
  123  15:21  Hydralisk x2  
  103  15:47  Drone x3  
  101  15:50  Hydralisk x2  
  101  15:51  Hydralisk x3  
  111  16:02  Hatchery  
  108  16:08  Hydralisk x3  
  114  16:18  Hydralisk  
  114  16:19  Hatchery  
  115  16:36  Hydralisk x4  
  115  16:37  Hydralisk  
  121  16:49  Hydralisk  
Tags
 
Add a new tag
Caveats
  • Supply blocks, unpowered buildings, or Contaminate may cause inaccurate times.
  • Supply counts are checked every 10 seconds.